 Dungeon Crawl Stone Soup version 0.30-a0-696-g2367cd04db (webtiles) character file.

Game seed: 6802827042382017034

1333 acebull12 the Covered (level 8, -2/68 HPs)
             Began as a Minotaur Fighter on Jan 20, 2023.
             Slain by a steam dragon (4 damage)
             ... on level 6 of the Dungeon.
             The game lasted 00:07:03 (4559 turns).

acebull12 the Covered (Minotaur Fighter)            Turns: 4559, Time: 00:07:04

Health: -2/68      AC:  9    Str: 23    XL:     8   Next: 34%
Magic:  7/7        EV: 10    Int:  5    God:
Gold:   225        SH:  5    Dex: 10    Spells: 7/7 levels left

rFire   . . .      SeeInvis .    w - +5 Force Lance {heavy, knockback}
rCold   . . .      Faith    .    c - +0 buckler
rNeg    . . .      Spirit   .    b - +0 scale mail
rPois   .          Reflect  .    (helmet restricted)
rElec   .          Harm     .    (no cloak)
rCorr   .          Rampage  .    l - +0 pair of gloves
Will    .....                    (no boots) Stlth
                                 (no amulet)
HPRegen 0.31/turn                (no ring)
MPRegen 0.10/turn                (no ring)

@: no status effects
A: horns 2, retaliatory headbutt
a: no special abilities


You were on level 6 of the Dungeon.
You visited 1 branch of the dungeon, and saw 6 of its levels.

You collected 225 gold pieces.

Inventory:

Hand Weapons
 a - a +0 war axe
 w - the +5 Force Lance (weapon) {heavy, knockback}
   (You found it on level 3 of the Dungeon)
Missiles
 g - 81 stones (quivered)
 s - a boomerang
 y - a throwing net
Armour
 b - a +0 scale mail (worn)
 c - a +0 buckler (worn)
 l - a +0 pair of gloves (worn)
Jewellery
 h - a ring of ice
Scrolls
 e - a scroll of enchant weapon {unknown}
 f - a scroll of enchant armour {unknown}
 i - 4 scrolls of teleportation {unknown}
 k - 3 scrolls of fear {unknown}
 m - 6 scrolls of identify {unknown}
 p - a scroll of fog {unknown}
 r - a scroll of immolation {unknown}
 t - a scroll of magic mapping {unknown}
 B - a scroll of noise {unknown}
Potions
 d - 3 potions of might
 j - a potion of invisibility {unknown}
 n - a potion of lignification {unknown}
 o - a potion of cancellation {unknown}
 q - 2 potions of flight {unknown}
 u - 2 potions of haste {unknown}
 v - 2 potions of mutation {unknown}
 x - a potion of magic {unknown}
 z - a potion of curing {unknown}
 A - 2 potions of heal wounds {unknown}


   Skills:
 + Level 5.2 Fighting
 + Level 5.4(6.6) Axes
 * Level 5.7(6.8) Polearms
 * Level 2.0 Throwing
 * Level 7.4 Armour
 + Level 1.2 Dodging
 * Level 5.8 Shields


You had 7 spell levels left.
You didn't know any spells.
Your spell library contained the following spells:

 Spells                   Type           Power      Damage    Failure   Level
 Ensorcelled Hibernation  Hex/Ice        0%         N/A       93%         2
 Passwall                 Tmut/Erth      0%         N/A       93%         2
 Swiftness                Air            0%         N/A       99%         3


Dungeon Overview and Level Annotations

Branches:
Dungeon (6/15)
 Temple: D:4-7

Altars:
Ashenzari
Dithmenos
Hepliaklqana
Sif Muna
Uskayaw
Vehumet
Yredelemnul
The Shining One

Shops:
D:1 (   D:4 [   D:5 [


Innate Abilities, Weirdness & Mutations

You have a pair of horns on your head.
You reflexively headbutt those who attack you in melee.


Message History

The puff of frost hits you!
You reach to attack!
You barely miss the white imp.
The white imp is lightly wounded.
You hit the white imp. You headbutt the white imp!
You kill the white imp!
You reach to attack!
You impale the gnoll!!
You kill the gnoll!
No target in view!
No target in view!
No target in view!
You start resting.
A steam dragon comes into view.
Found a robe.
Found a ring mail.
You start resting.
A steam dragon is nearby!
The steam dragon hisses angrily.
The steam dragon breathes steam at you. The ball of steam hits you!
You hear a shout!
You reach to attack!
You completely miss the steam dragon.
You are engulfed in a cloud of scalding steam.
You are too injured to fight recklessly!
You are too injured to fight recklessly!
You are too injured to fight recklessly!
The steam dragon closely misses you. The steam dragon completely misses you.
You puncture the steam dragon!
The steam dragon is knocked back by the blow.
The steam dragon is heavily wounded.
You block the steam dragon's attack. The steam dragon claws you.
You barely miss the steam dragon. Your headbutt misses the steam dragon.
The steam dragon is heavily wounded.
The steam dragon breathes steam at you. The ball of steam hits you!!
* * * LOW HITPOINT WARNING * * *
The steam dragon closely misses you.
The steam dragon claws you but does no damage.
The steam dragon attacks as you move away!
You block the steam dragon's attack. The steam dragon claws you.
You die...

....[.. ..........
........#. .......... ...
.........# # .....
[.>.......#+++#
.....######..............
.......#§§§..............
.......D@.§§.............
.....§§§§.............).
#.#...§§..#.#........)).
##.....####...........
#))....# #..###...<..
#.$...#####...#...#..
###........#.......##.
#...................)#
#........#.#..........


You could see a steam dragon.

Vanquished Creatures
  A sky beast (D:5)
  A centaur (D:6)
  A phantom (D:5)
  Blork the orc (D:4)
  A necrophage (D:4)
  3 scorpions
  2 hounds (D:5)
  A jelly (D:5)
  3 orc priests
  2 gnoll boudas
  3 iguanas
  An iron imp (D:5)
  2 orc wizards
  17 gnolls
  5 adders
  A white imp (D:6)
  An ufetubus (D:5)
  4 dart slugs
  20 orcs
  5 bats
  10 endoplasms
  5 giant cockroaches
  12 goblins
  6 hobgoblins
  6 jackals
  4 quokkas
  7 ball pythons
  4 frilled lizards
  A goblin skeleton (D:5)
  2 hobgoblin zombies (D:5)
  8 kobolds
  A kobold zombie (D:5)
  An orc skeleton (D:5)
  2 orc zombies (D:5)
  6 rats
150 creatures vanquished.

Vanquished Creatures (others)
  An orc wizard (D:4)
  A fungus (D:5)
  37 plants (D:3)
39 creatures vanquished.

Grand Total: 189 creatures vanquished

Notes
Turn   | Place    | Note
-------+----------+-------------------------------------------
     0 | D:1      | acebull12 the Minotaur Fighter began the quest for the Orb.
     0 | D:1      | Reached XP level 1. HP: 19/19 MP: 0/0
    78 | D:1      | Found a faded altar of an unknown god.
   184 | D:1      | Reached XP level 2. HP: 26/27 MP: 1/1
   199 | D:1      | Reached skill level 4 in Armour
   562 | D:1      | Reached XP level 3. HP: 30/33 MP: 2/2
   576 | D:1      | Found Xitun's Weapon Emporium.
   886 | D:2      | Reached XP level 4. HP: 18/40 MP: 3/3
  1624 | D:3      | Found a hazy altar of Hepliaklqana.
  1692 | D:3      | You fall into a shaft and drop 2 floors!
  1692 | D:5      | Entered Level 5 of the Dungeon
  1695 | D:5      | Found a glowing golden altar of the Shining One.
  1799 | D:4      | Found Zysoyban's Armour Emporium.
  1818 | D:4      | Noticed Blork the orc
  1822 | D:4      | Reached XP level 5. HP: 39/47 MP: 4/4
  1837 | D:4      | Reached skill level 5 in Armour
  1837 | D:4      | Killed Blork the orc
  2247 | D:3      | Identified the +3 ring mail of Vlad {rPois Will- Int+5}
  2327 | D:3      | Reached skill level 5 in Axes
  2327 | D:3      | Reached XP level 6. HP: 30/53 MP: 5/5
  2498 | D:3      | Found the +5 Force Lance {heavy, knockback}
  2801 | D:4      | Reached skill level 1 in Polearms
  3083 | D:4      | Reached skill level 5 in Shields
  3120 | D:4      | Reached XP level 7. HP: 60/60 MP: 6/6
  3120 | D:4      | Found a radiant altar of Vehumet.
  3120 | D:4      | Found a broken altar of Ashenzari.
  3130 | D:4      | Found a shadowy altar of Dithmenos.
  3131 | D:4      | Found a basalt altar of Yredelemnul.
  3360 | D:4      | Reached skill level 6 in Armour
  3598 | D:5      | Found a hide-covered altar of Uskayaw.
  3619 | D:5      | Reached skill level 1 in Throwing
  3619 | D:5      | Reached skill level 1 in Dodging
  3651 | D:5      | Reached skill level 5 in Fighting
  3712 | D:5      | Found a shimmering blue altar of Sif Muna.
  3738 | D:5      | Found Waok's Armour Shoppe.
  3750 | D:5      | Reached skill level 7 in Armour
  4179 | D:6      | Reached XP level 8. HP: 42/68 MP: 7/7
  4284 | D:5      | Reached skill level 5 in Polearms
  4558 | D:6      | HP: 2/68 [steam dragon/ball of steam (19)]
  4559 | D:6      | Slain by a steam dragon

Illustrated notes

Levels and vault maps discovered:
D:1:      matt_arrival_refuge, layout_rooms, serial_shops, shop,
          dreamdust_ecumenical_altar_hidden_monk_grotto, moated_statue,
          minmay_large_rounded_square
D:2:      wander_river, layout_basic
D:3:      layout_rooms, nicolae_hepliaklqana_hazy_memory, serial_bayou_lagoon_a,
          kennysheep_another_room
D:4:      layout_loops_ring, grunt_temple_overflow_open, serial_shops, shop,
          hex_tiny, solitary_fountain, grunt_ministairs_11, uniq_blork_the_orc
D:5:      layout_rooms, mainiacjoe_overflow_boulevard, led_sif_pool,
          nicolae_tso_besieged_by_evil, serial_shops,
          nicolae_shop_window_shopping
D:6:      layout_cave_pools, serial_gnoll_camp, gnoll_camp_mini_loothouse,
          gnoll_camp_mini_doghouse, gnoll_camp_huts_basic,
          gnoll_camp_mini_house, gnoll_camp_mini_doghouse, grunt_decor_arrowhead

Skill      XL: |  1  2  3  4  5  6  7  8 |
---------------+-------------------------+-----
Armour         | 4 5 7 |  7.4
Shields        | 4 5 |  5.8
Axes           | 3 4 5 |  5.4
Fighting       | 4 5 |  5.2
Polearms       | 2 4 5 |  5.7
Throwing       | 1 2 |  2.0
Dodging        | 1 |  1.2

Action                   |  1- 3 |  4- 6 |  7- 9 || total
-------------------------+-------+-------+-------++-------
Melee: War axe           |    52 |   122 |       ||   174
       Headbutt          |     8 |    18 |    11 ||    37
       Lance             |       |    34 |    85 ||   119
Armor: Scale mail        |    30 |    86 |    32 ||   148
Dodge: Dodged            |    26 |    55 |    34 ||   115
Block: Buckler           |     9 |    36 |    18 ||    63

Table legend: (Time is in decaauts)
 A = Elapsed time spent in this place.
 B = Non-inter-level travel time spent in this place.
 C = Inter-level travel time spent in this place.
 D = Time resting spent in this place.
 E = Time spent auto-exploring this place.
 F = Levels seen in this place.
 G = Mean time per level.
                   A        B        C        D        E       F      G
               +--------+--------+--------+--------+--------+-----+--------+
         Total |   4686 |   4455 |    231 |   1071 |   2561 |   6 |  781.0 |
       Dungeon |   4686 |   4455 |    231 |   1071 |   2561 |   6 |  781.0 |
               +--------+--------+--------+--------+--------+-----+--------+

Top non-repeatable levels by time:
     D:4: 1194 daAuts
     D:2: 933 daAuts
     D:5: 877 daAuts
     D:1: 736 daAuts
     D:3: 712 daAuts
     D:6: 232 daAuts
